SAAA
ALLOWAY HALBERDS @ TREMONT DOUBLEDAYS
07/03/2025
 
TOP OF THE 1ST
Alloway Halberds batting - Pitching for Tremont Doubledays : LHP Jim Unknown
Pitching: LHP Jim Unknown
Batting: RHB Christovão Galho 0-0: Ball
1-0: Foul Ball, location: 2F
1-1: Ground out 6-3 (Groundball, 6)
Batting: RHB Robbie Young 0-0: Ball
1-0: Swinging Strike
1-1: Called Strike
1-2: Ball
2-2: Strikes out swinging
Batting: LHB Esteban Casillas 0-0: Called Strike
0-1: Foul Ball, location: 2F
0-2: Ball
1-2: Ground out 3-1 (Groundball, 3S)
Top of the 1st over - 0 run(s), 0 hit(s), 0 error(s), 0 left on base; Alloway 0 - Tremont 0
BOTTOM OF THE 1ST
Tremont Doubledays batting - Pitching for Alloway Halberds : RHP Jim Unknown
Pitching: RHP Jim Unknown
Batting: RHB Andrés Gonzáles 0-0: Called Strike
0-1: Swinging Strike
0-2: Foul Ball, location: 2F
0-2: Ground out 6-3 (Groundball, 6S)
Batting: RHB Jim Unknown 0-0: Ball
1-0: Ball
2-0: Fly out, F9 (Flyball, 9)
Batting: RHB Menno van de Vlugt 0-0: Swinging Strike
0-1: Foul Ball, location: 2F
0-2: Foul Ball, location: 2F
0-2: SINGLE (Groundball, 34D)
Batting: RHB Manuel Martínez 0-0: Ball
1-0: Swinging Strike
1-1: Called Strike
1-2: Foul Ball, location: 2F
1-2: Foul Ball, location: 2F
1-2: Ball
Menno van de Vlugt steals 2nd base
2-2: Ball
3-2: Foul Ball, location: 2F
3-2: Foul Ball, location: 2F
3-2: Base on Balls
Batting: RHB Jim Harris 0-0: Ground out 1-3 (Groundball, 13S)
Bottom of the 1st over - 0 run(s), 1 hit(s), 0 error(s), 2 left on base; Alloway 0 - Tremont 0
TOP OF THE 2ND
Alloway Halberds batting - Pitching for Tremont Doubledays : LHP Jim Unknown
Batting: RHB Jarred Morgan 0-0: Ball
1-0: Ball
2-0: Ball
3-0: Base on Balls
Batting: RHB Will Hunter 0-0: Ball
1-0: Called Strike
1-1: Ball
2-1: SINGLE (Groundball, 56) (infield hit)
Jarred Morgan to second
Batting: SHB Ron Peterson 0-0: Ball
1-0: Ball
2-0: Ball
3-0: Base on Balls
Jarred Morgan to third
Will Hunter to second
Batting: RHB Jonathan Cundall 0-0: SINGLE (Groundball, 34D)
Jarred Morgan scores
Will Hunter to third
Ron Peterson to second
Batting: SHB Pancho De La Rosa 0-0: Ball
1-0: Called Strike
1-1: Foul Ball, location: 2F
1-2: Ball
2-2: Grounds into fielders choice 1-2 (Groundball, P)
Ron Peterson to third
Jonathan Cundall to second
Batting: RHB Stewart Ralston 0-0: Called Strike
0-1: Ball
1-1: Foul Ball, location: 2F
1-2: Ball
2-2: SINGLE (Groundball, 6) (infield hit)
Ron Peterson scores
Jonathan Cundall to third
Pancho De La Rosa to second
Batting: RHB Christovão Galho 0-0: Ball
1-0: Ball
2-0: Foul Ball, location: 2F
2-1: Grounds into double play, 6-4-3 (Groundball, 6)
Top of the 2nd over - 2 run(s), 3 hit(s), 0 error(s), 2 left on base; Alloway 2 - Tremont 0
BOTTOM OF THE 2ND
Tremont Doubledays batting - Pitching for Alloway Halberds : RHP Jim Unknown
Batting: SHB Jim Unknown 0-0: Foul Ball, location: 2F
0-1: Ball
1-1: Foul Ball, location: 2F
1-2: SINGLE (Line Drive, 8LS)
Batting: RHB Fred Burt 0-0: Fly out, F4 (Popup, 34)
Batting: RHB Arturo Morales 0-0: Ball
1-0: Fly out, F4 (Line Drive, 4M)
Batting: RHB Arturo Morales 0-0: Ball
1-0: Foul Ball, location: 2F
1-1: Ball
2-1: Ball
3-1: Foul Ball, location: 2F
3-2: Ground out 6-3 (Groundball, 6)
Bottom of the 2nd over - 0 run(s), 1 hit(s), 0 error(s), 1 left on base; Alloway 2 - Tremont 0
TOP OF THE 3RD
Alloway Halberds batting - Pitching for Tremont Doubledays : LHP Jim Unknown
Batting: RHB Robbie Young 0-0: Called Strike
0-1: Ball
1-1: Called Strike
1-2: Foul Ball, location: 2F
1-2: Ball
2-2: SINGLE (Line Drive, 56)
Batting: LHB Esteban Casillas 0-0: Ball
1-0: Foul Ball, location: 2F
1-1: Ball
2-1: Fly out, F5 (Popup, 5L)
Batting: RHB Jarred Morgan 0-0: Called Strike
0-1: Foul Ball, location: 2F
0-2: Ball
1-2: Strikes out swinging
Batting: RHB Will Hunter 0-0: Ball
1-0: Called Strike
1-1: Foul Ball, location: 2F
1-2: Ball
2-2: Foul Ball, location: 2F
2-2: Ball
3-2: Foul Ball, location: 2F
3-2: Strikes out looking
Top of the 3rd over - 0 run(s), 1 hit(s), 0 error(s), 1 left on base; Alloway 2 - Tremont 0
BOTTOM OF THE 3RD
Tremont Doubledays batting - Pitching for Alloway Halberds : RHP Jim Unknown
Batting: RHB Andrés Gonzáles 0-0: Fly out, F9 (Flyball, 89S)
Batting: RHB Jim Unknown 0-0: Ball
1-0: Reached on error, E4 (Popup, 4D)
Batting: RHB Menno van de Vlugt 0-0: Called Strike
0-1: Called Strike
0-2: Ball
1-2: 2-RUN HOME RUN (Flyball, 78XD), Distance : 435 ft
Batting: RHB Manuel Martínez 0-0: Called Strike
0-1: Swinging Strike
0-2: Ball
1-2: Strikes out swinging
Batting: RHB Jim Harris 0-0: Called Strike
0-1: Ball
1-1: Swinging Strike
1-2: Strikes out swinging
Bottom of the 3rd over - 2 run(s), 1 hit(s), 1 error(s), 0 left on base; Alloway 2 - Tremont 2
TOP OF THE 4TH
Alloway Halberds batting - Pitching for Tremont Doubledays : LHP Jim Unknown
Batting: SHB Ron Peterson 0-0: Ball
1-0: Ball
2-0: Swinging Strike
2-1: Ball
3-1: Base on Balls
Batting: RHB Jonathan Cundall 0-0: Swinging Strike
0-1: Foul Ball, location: 2F
0-2: Ball
1-2: Ground out 5-3 (Groundball, 56S)
Ron Peterson to second
Batting: SHB Pancho De La Rosa 0-0: Ball
1-0: Called Strike
1-1: Ball
2-1: Ball
3-1: SINGLE (Groundball, 3D)
Ron Peterson to third
Runner from 3rd tries for Home, SAFE, no throw
Batting: RHB Stewart Ralston 0-0: Swinging Strike
0-1: SINGLE (Line Drive, 7S)
Pancho De La Rosa to second
Batting: RHB Christovão Galho 0-0: Grounds into double play, 3-6-4 (Groundball, 34)
Top of the 4th over - 1 run(s), 2 hit(s), 0 error(s), 1 left on base; Alloway 3 - Tremont 2
BOTTOM OF THE 4TH
Tremont Doubledays batting - Pitching for Alloway Halberds : RHP Jim Unknown
Batting: SHB Jim Unknown 0-0: Ball
1-0: Foul Ball, location: 2F
1-1: Ball
2-1: Called Strike
2-2: Foul Ball, location: 2F
2-2: Strikes out swinging
Batting: RHB Fred Burt 0-0: Ball
1-0: Called Strike
1-1: Called Strike
1-2: Foul Ball, location: 2F
1-2: Ball
2-2: Fly out, F9 (Flyball, 9S)
Batting: RHB Arturo Morales 0-0: Called Strike
0-1: Ball
1-1: Foul Ball, location: 2F
1-2: Fly out, F8 (Flyball, 8LM)
Bottom of the 4th over - 0 run(s), 0 hit(s), 0 error(s), 0 left on base; Alloway 3 - Tremont 2
TOP OF THE 5TH
Alloway Halberds batting - Pitching for Tremont Doubledays : LHP Jim Unknown
Batting: RHB Robbie Young 0-0: Called Strike
0-1: Fly out, F8 (Flyball, 8RD)
Batting: LHB Esteban Casillas 0-0: Ground out 4-3 (Groundball, 4M)
Batting: RHB Jarred Morgan 0-0: SINGLE (Flyball, 89S)
Batting: RHB Will Hunter 0-0: Fly out, F5 (Line Drive, 5L)
Top of the 5th over - 0 run(s), 1 hit(s), 0 error(s), 1 left on base; Alloway 3 - Tremont 2
BOTTOM OF THE 5TH
Tremont Doubledays batting - Pitching for Alloway Halberds : RHP Jim Unknown
Batting: RHB Arturo Morales 0-0: Ball
1-0: Ball
2-0: Ground out 6-3 (Groundball, 6)
Batting: RHB Andrés Gonzáles 0-0: Called Strike
0-1: Ball
1-1: Ball
2-1: Ball
3-1: Foul Ball, location: 2F
3-2: Base on Balls
Batting: RHB Jim Unknown 0-0: Foul Ball, location: 2F
0-1: Swinging Strike
0-2: Ball
1-2: Foul Ball, location: 2F
1-2: Strikes out swinging
Batting: RHB Menno van de Vlugt 0-0: Ball
1-0: Called Strike
1-1: Ball
2-1: Ball
3-1: Swinging Strike
3-2: Foul Ball, location: 2F
3-2: Fly out, F7 (Line Drive, 78M)
Bottom of the 5th over - 0 run(s), 0 hit(s), 0 error(s), 1 left on base; Alloway 3 - Tremont 2
TOP OF THE 6TH
Alloway Halberds batting - Pitching for Tremont Doubledays : LHP Jim Unknown
Batting: SHB Ron Peterson 0-0: Fly out, F8 (Flyball, 8RS)
Batting: RHB Jonathan Cundall 0-0: Ball
1-0: Foul Ball, location: 2F
1-1: Swinging Strike
1-2: Ball
2-2: Strikes out swinging
Batting: SHB Pancho De La Rosa 0-0: Foul Ball, location: 2F
0-1: Foul Ball, location: 2F
0-2: Ball
1-2: Ball
2-2: Ground out 6-3 (Groundball, 6)
Top of the 6th over - 0 run(s), 0 hit(s), 0 error(s), 0 left on base; Alloway 3 - Tremont 2
BOTTOM OF THE 6TH
Tremont Doubledays batting - Pitching for Alloway Halberds : RHP Jim Unknown
Batting: RHB Manuel Martínez 0-0: Ball
1-0: Foul Ball, location: 2F
1-1: Ball
2-1: Called Strike
2-2: Ground out 1-3 (Groundball, P)
Batting: RHB Jim Harris 0-0: Called Strike
0-1: SINGLE (Line Drive, 9S)
Batting: SHB Jim Unknown 0-0: Called Strike
0-1: Ball
1-1: Ball
2-1: Ball
3-1: Base on Balls
Jim Harris to second
Batting: RHB Fred Burt 0-0: Called Strike
0-1: Foul Ball, location: 2F
0-2: Ball
1-2: Ball
2-2: Foul Ball, location: 2F
2-2: Ball
3-2: Foul Ball, location: 2F
3-2: Strikes out swinging
Batting: RHB Arturo Morales 0-0: Swinging Strike
0-1: Foul Ball, location: 2F
0-2: Fly out, F9 (Flyball, 9S)
Bottom of the 6th over - 0 run(s), 1 hit(s), 0 error(s), 2 left on base; Alloway 3 - Tremont 2
TOP OF THE 7TH
Alloway Halberds batting - Pitching for Tremont Doubledays : LHP Jim Unknown
Batting: RHB Stewart Ralston 0-0: Swinging Strike
0-1: Foul Ball, location: 2F
0-2: Foul Ball, location: 2F
0-2: Ball
1-2: Ball
2-2: SINGLE (Groundball, 6MD)
Batting: RHB Christovão Galho 0-0: Ball
Stewart Ralston steals 2nd base
1-0: Fly out, F9 (Flyball, 9LMF)
Batting: RHB Robbie Young 0-0: Intentional Walk
Pitching: LHP Jim Unknown
Batting: LHB Esteban Casillas 0-0: Ball
1-0: Called Strike
1-1: SINGLE (Groundball, 6D)
Stewart Ralston to third
Robbie Young to second
Batting: RHB Jarred Morgan 0-0: Called Strike
0-1: Ball
1-1: DOUBLE (Line Drive, 9LM)
Stewart Ralston scores
Robbie Young scores
Esteban Casillas to third
Batting: RHB Will Hunter 0-0: Called Strike
0-1: Ball
1-1: Called Strike
1-2: 3-RUN HOME RUN (Flyball, 7D), Distance : 405 ft
Batting: SHB Ron Peterson 0-0: Ball
1-0: Called Strike
1-1: Fly out, F9 (Flyball, 9S)
Batting: RHB Jonathan Cundall 0-0: Foul Ball, location: 2F
0-1: Called Strike
0-2: Strikes out looking
Top of the 7th over - 5 run(s), 4 hit(s), 0 error(s), 0 left on base; Alloway 8 - Tremont 2
BOTTOM OF THE 7TH
Tremont Doubledays batting - Pitching for Alloway Halberds : RHP Jim Unknown
Batting: RHB Arturo Morales 0-0: Called Strike
0-1: Foul Ball, location: 2F
0-2: Strikes out swinging
Batting: RHB Andrés Gonzáles 0-0: Called Strike
0-1: Foul Ball, location: 2F
0-2: Ground out 5-3 (Groundball, 56)
Batting: RHB Jim Unknown 0-0: Called Strike
0-1: SINGLE (Line Drive, 6D)
Batting: RHB Menno van de Vlugt 0-0: Swinging Strike
0-1: Ball
1-1: Ball
2-1: Ball
3-1: Base on Balls
Jim Unknown to second
Pitching: LHP Jim Unknown
Batting: RHB Manuel Martínez 0-0: Called Strike
0-1: Foul Ball, location: 2F
0-2: Ball
1-2: Foul Ball, location: 2F
1-2: Ball
2-2: Ball
3-2: Base on Balls
Jim Unknown to third
Menno van de Vlugt to second
Batting: RHB Jim Harris 0-0: Called Strike
0-1: Ball
1-1: Foul Ball, location: 2F
1-2: Ball
2-2: Foul Ball, location: 2F
2-2: Fly out, F9 (Flyball, 9S)
Bottom of the 7th over - 0 run(s), 1 hit(s), 0 error(s), 3 left on base; Alloway 8 - Tremont 2
TOP OF THE 8TH
Alloway Halberds batting - Pitching for Tremont Doubledays : LHP Jim Unknown
Batting: SHB Pancho De La Rosa 0-0: Called Strike
0-1: Ball
1-1: Foul Ball, location: 2F
1-2: SINGLE (Groundball, 56D)
Batting: RHB Stewart Ralston 0-0: Ball
1-0: Ball
2-0: Foul Ball, location: 2F
2-1: Fly out, F7 (Flyball, 78M)
Batting: RHB Christovão Galho 0-0: Ball
1-0: Called Strike
1-1: SINGLE (Groundball, 4MD)
Pancho De La Rosa to second
Batting: RHB Robbie Young 0-0: Ball
1-0: Swinging Strike
1-1: SINGLE (Line Drive, 7)
Pancho De La Rosa to third
Christovão Galho to second
Runner from 3rd tries for Home, SAFE, throw made home
Christovão Galho to third
Robbie Young to second
Pitching: RHP Jim Unknown
Batting: LHB Esteban Casillas 0-0: Ball
1-0: Ball
2-0: Called Strike
2-1: Ground out 3-1 (Groundball, 34)
Christovão Galho scores
Robbie Young to third
Batting: RHB Jarred Morgan 0-0: Ball
1-0: Ball
2-0: Fly out, F9 (Flyball, 9LS)
Top of the 8th over - 2 run(s), 3 hit(s), 0 error(s), 1 left on base; Alloway 10 - Tremont 2
BOTTOM OF THE 8TH
Tremont Doubledays batting - Pitching for Alloway Halberds : LHP Jim Unknown
Batting: SHB Jim Unknown 0-0: Ground out 6-3 (Groundball, 56)
Batting: RHB Fred Burt 0-0: Called Strike
0-1: Called Strike
0-2: Ball
1-2: Strikes out swinging
Batting: RHB Arturo Morales 0-0: Ball
1-0: Called Strike
1-1: Swinging Strike
1-2: Strikes out swinging
Bottom of the 8th over - 0 run(s), 0 hit(s), 0 error(s), 0 left on base; Alloway 10 - Tremont 2
TOP OF THE 9TH
Alloway Halberds batting - Pitching for Tremont Doubledays : RHP Jim Unknown
Pitching: RHP Jim Unknown
Batting: RHB Will Hunter 0-0: Fly out, F9 (Flyball, 89M)
Batting: SHB Ron Peterson 0-0: Ball
1-0: Swinging Strike
1-1: Called Strike
1-2: Ball
2-2: Ball
3-2: Strikes out swinging
Batting: RHB Jonathan Cundall 0-0: Ball
1-0: Called Strike
1-1: Swinging Strike
1-2: Ball
2-2: Strikes out swinging
Top of the 9th over - 0 run(s), 0 hit(s), 0 error(s), 0 left on base; Alloway 10 - Tremont 2
BOTTOM OF THE 9TH
Tremont Doubledays batting - Pitching for Alloway Halberds : LHP Jim Unknown
Batting: RHB Arturo Morales 0-0: Foul Ball, location: 2F
0-1: Ball
1-1: SINGLE (Groundball, 6MD)
Batting: RHB Andrés Gonzáles 0-0: Ball
1-0: Ball
2-0: Ball
3-0: Base on Balls
Arturo Morales to second
Batting: RHB Jim Unknown 0-0: Called Strike
0-1: Ball
1-1: Swinging Strike
1-2: Ball
2-2: Grounds into double play, 6-4-3 (Groundball, 56)
Arturo Morales to third
Batting: RHB Menno van de Vlugt 0-0: Called Strike
0-1: Ball
1-1: Ball
2-1: SINGLE (Line Drive, 34D)
Arturo Morales scores
Batting: RHB Manuel Martínez 0-0: Called Strike
0-1: Ball
1-1: SINGLE (Flyball, 89S)
Menno van de Vlugt to second
Runner from 2nd tries for 3rd, OUT!
Bottom of the 9th over - 1 run(s), 3 hit(s), 0 error(s), 1 left on base; Alloway 10 - Tremont 3
Friday, December 30th, 2016 - OOTP Baseball 17.12 Build 75